 Dungeon Crawl Stone Soup version 0.20-a0-187-ge5586d949a (webtiles) character file.

4837 patrickswayze the Slicer (level 10, -4/54 HPs)
             Began as a Deep Elf Chaos Knight on Nov 22, 2016.
             Slain by an orc warrior
             ... wielding a +0 dire flail
              (11 damage)
             ... on level 8 of the Dungeon on Nov 23, 2016.
             The game lasted 00:22:19 (9516 turns).

patrickswayze the Slicer (Deep Elf Chaos Knight)    Turns: 9516, Time: 00:22:21

Health: -4/54      AC:  6    Str: 11    XL:     10   Next: 25%
Magic:  12/12      EV: 19    Int: 18    God:    Xom [....*.]
Gold:   340        SH:  0    Dex: 17    Spells: 9/9 levels left

rFire  + . .     SeeInvis .     a - +4 dagger (chaos)
rCold  + . .     Gourm    .     r - +0 robe {rC+ rF+}
rNeg   . . .     Faith    .     (no shield)
rPois  .         Spirit   .     (helmet restricted)
rElec  .         Reflect  .     s - +2 cloak
rCorr  .         Harm     .     (no gloves)
MR     +....                    A - +0 pair of boots
Stlth  +++++.....               B - amulet of regeneration
                                (no ring)
                                (no ring)

@: no status effects
A: antennae 1, strong 1, evolution 2, subdued magic 1
a: Renounce Religion


You were on level 8 of the Dungeon.
You worshipped Xom.
You were a beloved toy of Xom.
You were not hungry.

You visited 1 branch of the dungeon, and saw 8 of its levels.

You collected 403 gold pieces.
You spent 63 gold pieces at shops.


Innate Abilities, Weirdness & Mutations

You have a pair of small antennae on your head.
Your muscles are strong. (Str +2)
You rapidly evolve.
Your spells are a little easier to cast, but a little less powerful.


   Skills:
 - Level 2.4 Fighting
 - Level 11.0 Short Blades
 - Level 0.7 Armour
 - Level 9.1 Dodging
 + Level 10.2 Stealth


You had 9 spell levels left.
You didn't know any spells.

Inventory:

Hand Weapons
 a - a +4 dagger of chaos (weapon)
 b - a +0 antimagic dagger
 J - a +0 short sword of chaos
Missiles
 d - 15 poisoned needles
Armour
 i - a +0 helmet
 r - a +0 robe of resistance (worn)
 s - a +2 cloak (worn)
 A - a +0 pair of boots (worn)
Jewellery
 B - an amulet of regeneration (around neck)
 L - an uncursed amulet of rage
Wands
 t - a wand of paralysis (16/24)
 y - a wand of enslavement (0/24)
 F - a wand of slowing (0/48)
Scrolls
 e - a scroll of remove curse
 k - 5 scrolls of identify
 x - 2 scrolls of amnesia
 E - a scroll of enchant weapon
 H - a scroll of magic mapping
Potions
 h - 3 potions of brilliance {unknown}
 l - 3 potions of curing
 m - a potion of mutation {unknown}
 n - a potion of heal wounds {unknown}
 o - a potion of haste {unknown}
 p - 2 potions of degeneration {unknown}
 q - a potion of cure mutation {unknown}
 v - 3 potions of cancellation {unknown}
 w - a potion of lignification {unknown}
 D - a potion of berserk rage {unknown}
 G - a potion of flight {unknown}
Comestibles
 c - 4 bread rations
 f - 6 meat rations
 g - 6 chunks of flesh
 u - a slice of pizza
 z - 3 fruits
 I - 2 beef jerkies


Message History

The orc warrior is lightly wounded.
You hit the orc warrior but do no damage.
The orc warrior flickers and vanishes!
Deactivating autopickup; reactivate with Ctrl-A.
Something hits you.
You hit something but do no damage. You miss something.
You hit something but do no damage. Something hits you!
You hit something. Something hits you but does no damage. Something hits you!
The orc misses you. Something closely misses you. Something hits you!
* * * LOW HITPOINT WARNING * * *
Xom roars with laughter!
A shower of butterflies erupts from you!
You swap places.
Something completely misses your butterfly.
You feel better. Something hits you!
You die...

#...#(.....# #.##).##.#..#
####### ###.#..## .....
.....##.....# #...#<## .#.>
.....##.....###.?#..# #..#
.
.....##.....##..o..###....
.....##.........##...b....
..... #.......#.#{b.......
..$.###.........@..b......
.................bb.......
..........................
..........................
.###########....###########
.#)PP# #......# #PP)#
.#PP~~# #..~~..# #~~PP#
.#P~~~~## #.~~~~.# ##~~~~P#
.....
###~~~~~###)~##~.###~~~~~#
#._...


There were no monsters in sight!

Vanquished Creatures
  A rime drake (shapeshifter) (D:8)
  Grinder (D:6)
  A hippogriff (D:7)
  A hungry ghost (D:7)
  A water moccasin (D:2)
  2 ice beasts
  An orc warrior (D:7)
  A phantom (D:7)
  3 sky beasts (D:7)
  3 ogres (D:7)
  A centaur (D:8)
  A big kobold (D:3)
  6 bullfrogs
  6 killer bees
  3 wights (D:6)
  2 howler monkeys
  A crimson imp (D:8)
  A bullfrog zombie (D:5)
  2 centaur zombies
  5 hounds
  3 jellies
  2 orc priests
  A gnoll shaman (D:6)
  7 orc wizards
  A centaur skeleton (D:5)
  An iron imp (D:5)
  Natasha (thrice) (D:4)
  5 iguanas
  7 worker ants
  A hound skeleton (D:5)
  2 worker ant zombies (D:5)
  9 adders
  17 gnolls
  A shadow imp (D:4)
  An ooze (D:2)
  An adder skeleton (D:4)
  3 adder zombies
  3 worms
  4 leopard geckos
  35 orcs
  A ball python (D:3)
  5 bats
  6 giant cockroaches
  18 goblins
  6 hobgoblins
  20 jackals
  13 kobolds
  4 quokkas
  8 frilled lizards
  2 jackal skeletons
  A jackal zombie (D:5)
  2 leopard gecko skeletons
  2 rats
238 creatures vanquished.

Vanquished Creatures (collateral kills)
  A water moccasin (D:8)
  2 ogres (D:7)
  A big kobold (D:8)
  A bullfrog (D:7)
  2 killer bees (D:8)
  A bullfrog zombie (D:5)
  An orc wizard (D:8)
  A giant cockroach (D:8)
  A kobold (D:8)
11 creatures vanquished.

Vanquished Creatures (others)
  2 killer bees (D:8)
  An orc wizard (D:8)
3 creatures vanquished.

Grand Total: 252 creatures vanquished

Notes
Turn   | Place    | Note
-------+----------+-------------------------------------------
     0 | D:1      | patrickswayze the Deep Elf Chaos Knight began the quest for the Orb.
     0 | D:1      | Reached XP level 1. HP: 13/13 MP: 3/3
    27 | D:1      | Reached skill level 1 in Stealth
    29 | D:1      | XOM: harmless Pois miscast
    44 | D:1      | Reached XP level 2. HP: 12/18 MP: 4/4
   283 | D:1      | XOM: cloud trail
   309 | D:1      | Reached skill level 3 in Stealth
   360 | D:1      | XOM: silly message
   517 | D:1      | Reached XP level 3. HP: 19/22 MP: 5/5
   599 | D:1      | XOM: divination: magic mapping
   669 | D:1      | XOM: divination: detect items
   864 | D:2      | Noticed a water moccasin
   864 | D:2      | a worm changed into a water moccasin
   864 | D:2      | Found a shadowy altar of Dithmenos.
   864 | D:2      | XOM: 4-stop teleportation journey
   882 | D:2      | Killed a water moccasin
   882 | D:2      | Reached skill level 6 in Stealth
   882 | D:2      | Reached XP level 4. HP: 17/27 MP: 3/6
   882 | D:2      | Reached XP level 5. HP: 20/31 MP: 3/7
   965 | D:2      | XOM: enchant monster (bad)
  1344 | D:2      | XOM: blink monster(s)
  1406 | D:2      | XOM: summons 2 hostile demons
  1779 | D:2      | XOM: harmless Tloc miscast
  1781 | D:2      | XOM: smoke on damage
  1809 | D:2      | XOM: summons 2 hostile shadow creatures
  2250 | D:3      | XOM: harmless Erth miscast
  2256 | D:3      | Reached XP level 6. HP: 34/36 MP: 8/8
  2342 | D:3      | XOM: stat loss: -1 Str (8/9)
  2362 | D:3      | XOM: stat loss: -1 Dex (15/16)
  2523 | D:3      | Found a blossoming altar of Fedhas.
  2523 | D:3      | Found a hazy altar of Hepliaklqana.
  2653 | D:3      | Reached skill level 4 in Short Blades
  2742 | D:3      | XOM: chaos upgrade
  2790 | D:3      | XOM: noise
  3316 | D:4      | XOM: confuse monster(s)
  3399 | D:4      | Reached XP level 7. HP: 28/40 MP: 9/9
  3447 | D:4      | XOM: scenery: create altars
  3496 | D:4      | Reached skill level 5 in Short Blades
  3592 | D:4      | HP: 4/40 [gnoll (7)]
  3610 | D:4      | XOM: chaos upgrade
  4158 | D:4      | XOM: butterfly on damage
  4410 | D:4      | XOM: chaos upgrade
  4432 | D:4      | XOM: severe Tloc miscast
  4522 | D:3      | XOM: scenery: create altars
  4767 | D:4      | Noticed Natasha
  4776 | D:4      | XOM: cleaving
  4781 | D:4      | Killed Natasha
  4781 | D:4      | Reached skill level 6 in Short Blades
  4945 | D:4      | XOM: scenery: 1 doors close
  4991 | D:4      | Noticed Natasha
  4994 | D:4      | XOM: cleaving
  5001 | D:4      | Killed Natasha
  5114 | D:4      | Noticed Natasha
  5117 | D:4      | Killed Natasha
  5126 | D:5      | Entered Level 5 of the Dungeon
  5188 | D:5      | Found Oxzad's Armour Boutique.
  5192 | D:5      | Bought a +0 pair of boots for 63 gold pieces
  5297 | D:5      | Found an ancient bone altar of Kikubaaqudgha.
  5334 | D:5      | Found a staircase to the Ecumenical Temple.
  5358 | D:5      | Reached skill level 7 in Short Blades
  5477 | D:5      | Found a shimmering altar of Xom.
  5513 | D:5      | XOM: summons friendly quasit
  5515 | D:5      | HP: 5/40 [bullfrog zombie (5)]
  5518 | D:5      | Reached XP level 8. HP: 6/45 MP: 10/10
  5583 | D:5      | XOM: medium Chrm miscast
  5830 | D:5      | Found Voaliem's Antique Weapon Shoppe.
  5874 | D:5      | Found Roemoss's Assorted Antiques.
  6006 | D:5      | Found a burning altar of Makhleb.
  6036 | D:5      | XOM: mild Necr miscast
  6321 | D:6      | XOM: cleaving
  6327 | D:6      | Reached skill level 8 in Short Blades
  6418 | D:6      | Noticed Grinder
  6429 | D:6      | Killed Grinder
  6443 | D:6      | Reached skill level 9 in Short Blades
  6512 | D:6      | XOM: give mutation
  6512 | D:6      | Gained mutation: Your spells are a little easier to cast, but a little less powerful. [Xom's mischief]
  6565 | D:6      | Found a snail-covered altar of Cheibriados.
  6746 | D:6      | XOM: smoke on damage
  6748 | D:6      | XOM: smoke on damage
  6803 | D:6      | XOM: god gift: 40 gold pieces
  6844 | D:6      | XOM: medium Conj miscast
  6844 | D:6      | HP: 9/45 [something (24)]
  7060 | D:6      | Reached skill level 10 in Short Blades
  7207 | D:6      | XOM: harmless Necr miscast
  7354 | D:7      | Found an opulent altar of Gozag.
  7380 | D:7      | Reached XP level 9. HP: 24/49 MP: 11/11
  7466 | D:7      | Found a deep blue altar of Sif Muna.
  7509 | D:7      | XOM: butterfly on damage
  7570 | D:7      | XOM: god gift: 31 gold pieces
  7810 | D:7      | XOM: god gift: scroll of amnesia
  7821 | D:6      | Reached skill level 11 in Short Blades
  7843 | D:7      | XOM: butterfly on damage
  7961 | D:7      | XOM: confuse monster(s)
  7962 | D:7      | XOM: noise
  8126 | D:6      | XOM: scenery: create altars
  8438 | D:7      | XOM: cast spell 'Summon Horrible Things'
  8441 | D:7      | Reached skill level 6 in Dodging
  8445 | D:7      | XOM: cloud trail
  8472 | D:7      | XOM: confuse monster(s)
  8668 | D:7      | XOM: god gift: 13 arrows
  8873 | D:7      | XOM: summons friendly white imp
  8957 | D:7      | XOM: summons 2 friendly demons
  9041 | D:7      | XOM: mild Tmut miscast
  9049 | D:7      | Upgraded the game from 0.20-a0-151-g755e310 to 0.20-a0-187-ge5586d949a
  9054 | D:7      | XOM: scenery: create altars
  9123 | D:7      | Reached skill level 9 in Dodging
  9123 | D:7      | Reached XP level 10. HP: 31/54 MP: 12/12
  9175 | D:7      | XOM: give mutations
  9175 | D:7      | Gained mutation: Your muscles are strong. (Str +2) [Xom's grace]
  9175 | D:7      | Gained mutation: You evolve. [Xom's grace]
  9175 | D:7      | Gained mutation: You rapidly evolve. [Xom's grace]
  9185 | D:7      | XOM: scenery: 1 doors close
  9343 | D:8      | XOM: cleaving
  9357 | D:8      | Reached skill level 9 in Stealth
  9360 | D:8      | XOM: summons 5 friendly demons
  9366 | D:8      | Gained mutation: You have a pair of small antennae on your head. [evolution]
  9445 | D:8      | XOM: cleaving
  9446 | D:8      | XOM: polymorph sky beast -> rime drake
  9453 | D:8      | Found a bloodstained altar of Trog.
  9470 | D:8      | XOM: butterfly on damage
  9513 | D:8      | HP: 1/54 [something (17)]
  9513 | D:8      | XOM: butterfly on damage
  9516 | D:8      | Slain by an orc warrior

Vault maps used:
D:1:      shiori_arrival_maze
D:2:      first_bread, nicolae_dithmenos_shadow_blocks
D:3:      gammafunk_temple_overflow_statue
D:4:      kennysheep_generic_room_2, uniq_natasha
D:5:      lemuel_crystal_altar, brannock_xom_greatest_gift,
          lightli_temple_of_fire, serial_undead, serial_undead_c,
          serial_undead_a, serial_undead_f, serial_undead_f, serial_shops,
          nicolae_shop_stone, kennysheep_little_box, nicolae_shop_statue_plus
D:6:      cheibriados_altar_wand_db, uniq_grinder
D:7:      lemuel_doored_altar, nicolae_overflow_crystal_walls
D:8:      minmay_weird_star, bloody_trog

Action                   |  1- 3 |  4- 6 |  7- 9 | 10-12 || total
-------------------------+-------+-------+-------+-------++-------
Melee: Short sword       |   111 |   185 |       |       ||   296
       Dagger            |       |    42 |   699 |   111 ||   852
Evoke: Wand              |       |       |     1 |     8 ||     9
  Use: Scroll            |     2 |     2 |    14 |       ||    18
       Potion            |     1 |       |     2 |     1 ||     4
 Stab: Sleeping          |     3 |     6 |    11 |       ||    20
       Paralysed         |     1 |     2 |     4 |     2 ||     9
       Distracted        |       |     2 |     1 |       ||     3
       Confused          |       |     2 |     3 |     1 ||     6
       Petrifying        |       |     1 |     3 |       ||     4
  Eat: Chunk             |       |     5 |    20 |     1 ||    26
       Pizza             |       |     2 |       |       ||     2
Armor: Leather armour    |    38 |    59 |       |       ||    97
       Robe              |       |    15 |   111 |     9 ||   135
Dodge: Dodged            |    71 |   113 |   281 |    67 ||   532
